 Dungeon Crawl Stone Soup version 0.22-a0-799-g88f5e90 (webtiles) character file.

38264 iamserjio the Destroyer (level 14, 0/78 HPs)
             Began as a Tengu Fire Elementalist on July 21, 2018.
             Was a High Priest of Vehumet.
             Slain by a blink frog (9 damage)
             ... on level 6 of the Lair of Beasts.
             The game lasted 01:43:40 (9255 turns).

iamserjio the Destroyer (Tengu Fire Elementalist)   Turns: 9255, Time: 01:43:41

Health: 0/78       AC:  6    Str:  8    XL:     14   Next: 1%
Magic:  4/31       EV: 17    Int: 21    God:    Vehumet [*****.]
Gold:   1235       SH:  5    Dex: 15    Spells: 9/37 levels left

rFire    . . .     SeeInvis +   V - +4 short sword (elec)
rCold    . . .     Gourm    .   o - +0 buckler
rNeg     . . .     Faith    .   S - +0 troll leather armour
rPois    .         Spirit   .   (helmet restricted)
rElec    .         Reflect  .   (no cloak)
rCorr    .         Harm     .   w - +1 pair of gloves
MR       +....                  (boots unavailable)
Stlth    +++.......             J - amulet of rage
HPRegen  0.63/turn              X - ring of see invisible
MPRegen  0.22/turn              R - ring of stealth

@: no status effects
A: beak, talons 3, able to fly 2
a: Fly, Renounce Religion, Evoke Berserk Rage


You were on level 6 of the Lair of Beasts.
You worshipped Vehumet.
Vehumet was extremely pleased with you.
You were not hungry.

You visited 3 branches of the dungeon, and saw 19 of its levels.
You also visited: Ossuary, Bailey and Ice Cave.

You collected 1235 gold pieces.

Inventory:

Hand Weapons
 p - the +2 hunting sling of the Gloaming {flame, -Tele rC+ Int+2}
   (You found it on level 2 of the Lair of Beasts)

   It causes projectiles fired from it to burn those they strike, causing extra
   injury to most foes and up to half again as much damage against particularly
   susceptible opponents.
   It affects your intelligence (+2).
   It protects you from cold.
   It prevents most forms of teleportation.
 t - a +2 rapier of venom
 L - a +2 trident of flaming
 M - a +0 falchion of slicing
 V - a +4 short sword of electrocution (weapon)
Missiles
 j - 2 tomahawks of dispersal (quivered)
 k - 153 stones
 x - 117 arrows
 y - a throwing net {!f}
Armour
 o - a +0 buckler (worn)
 w - a +1 pair of gloves (worn)
 G - a +2 leather armour of magic resistance
 S - a +0 troll leather armour (worn)
Jewellery
 a - an uncursed amulet of harm
 i - an uncursed ring of resist corrosion
 J - an amulet of rage (around neck)
 R - a ring of stealth (right hand)
 X - a ring of see invisible (left hand)
Wands
 g - a wand of paralysis (1)
 F - a wand of digging (18)
 P - a wand of disintegration (1)
 U - a wand of iceblast (5)
 Y - a wand of acid (15)
Scrolls
 m - a scroll of blinking
 q - 7 scrolls of remove curse {@r2}
 r - 5 scrolls of amnesia
 u - 2 scrolls of enchant armour {unknown}
 B - 2 scrolls of teleportation
 D - 5 scrolls of magic mapping
 E - a scroll of summoning {unknown}
 O - a scroll of fog {unknown}
 T - a scroll of random uselessness {unknown}
 W - a scroll of vulnerability
 Z - a scroll of fear
Potions
 b - a potion of lignification
 e - a potion of mutation
 f - a potion of cancellation
 h - 3 potions of flight
 l - 2 potions of might
 n - a potion of agility {unknown}
 s - 2 potions of heal wounds
 v - 7 potions of curing {@q1}
 z - a potion of brilliance {unknown}
 C - a potion of berserk rage {unknown}
 K - a potion of magic {unknown}
 N - 3 potions of haste
 Q - a potion of resistance {unknown}
Miscellaneous
 d - a crystal ball of energy
 H - a lightning rod (4/4)
Comestibles
 c - 24 rations
 A - 3 chunks of flesh


   Skills:
 + Level 5.4 Fighting
 + Level 9.4 Dodging
 - Level 2.0 Stealth
 - Level 4.5 Shields
 - Level 12.0 Spellcasting
 + Level 13.9 Conjurations
 - Level 6.0 Summonings
 + Level 12.7 Fire Magic


You had 9 spell levels left.
You knew the following spells:

 Your Spells              Type           Power        Failure   Level  Hunger
a - Flame Tongue          Conj/Fire      #####        1%          1    None
b - Conjure Flame         Conj/Fire      ######..     1%          3    None
c - Sticky Flame          Conj/Fire      ######..     1%          4    None
d - Fireball              Conj/Fire      ######....   1%          5    ####...
e - Inner Flame           Hex/Fire       #####...     1%          3    None
f - Bolt of Magma         Conj/Fire/Erth ######....   1%          5    ####...
g - Spellforged Servitor  Conj/Summ      ######....   26%         7    #######

Your spell library contained the following spells:

 Spells                   Type           Power        Failure   Level  Hunger
 Bolt of Cold             Conj/Ice       #####.....   17%         6    #####..
 Confuse                  Hex            ##......     22%         3    None
 Throw Flame              Conj/Fire      ######       1%          2    None
 Throw Frost              Conj/Ice       #####.       1%          2    None
 Venom Bolt               Conj/Pois      #####.....   3%          5    ####...
 Freeze                   Ice            ##..         2%          1    None
 Shock                    Conj/Air       ####         1%          1    None
 Spider Form              Tmut/Pois      ##........   22%         3    None
 Blade Hands              Tmut           ##........   91%         5    ####...
 Ice Form                 Ice/Tmut       ##......     58%         4    None
 Confusing Touch          Hex            ##....       8%          1    None
 Sticks to Snakes         Tmut           ##......     12%         2    None
 Metabolic Englaciation   Hex/Ice        ##........   91%         5    ####...
 Petrify                  Tmut/Erth      ##......     58%         4    None
 Beastly Appendage        Tmut           ##....       8%          1    None
 Gell's Gravitas          Tloc           ##........   22%         3    None
 Yara's Violent Unravell  Hex/Tmut       ##........   45%         5    ####...


Dungeon Overview and Level Annotations

Branches:
Dungeon (12/15)            Temple (1/1) D:5            Lair (6/6) D:11
  Snake (0/4) Lair:2          Orc (0/2) D:11
  Swamp: Lair:2-4    Shoals: Lair:2-4     Slime: Lair:5-6

Altars:
Ashenzari
Cheibriados
Dithmenos
Fedhas
Gozag
Hepliaklqana
Nemelex Xobeh
Okawaru
Uskayaw
Vehumet
Wu Jian
Xom
Zin
Jiyva

Annotations:
D:4 Natasha
D:5 Dowan
D:7 3 runed doors, lurker's ghost, novice GnSk
D:12 Rupert
Lair:2 3 runed doors, Foefao Rulua's ghost, journeyman DEAE


Innate Abilities, Weirdness & Mutations

You have a beak for a mouth.
You have claws for feet.
You can fly continuously.


Message History

The blink frog is severely wounded.
The blink frog closely misses you. The blink frog misses you.
You block the blink frog's attack.
You barely miss the blink frog. Your peck misses the blink frog.
An elephant comes into view.
The blink frog hits you!
* * * LOW HITPOINT WARNING * * *
The blink frog closely misses you.
The elephant moves out of view.
Casting: Sticky Flame (safe; 1% risk of failure)
Confirm with . or Enter, or press ? or * to list all spells.
Aiming: Sticky Flame (safe; 1% risk of failure)
Press: ? - help, Shift-Dir - straight line, f - blink frog
Aim: a blink frog The sticky flame hits the blink frog.
The blink frog is lightly wounded.
The blink frog is covered in liquid flames!
The blink frog burns!
The blink frog hits you!
* * * LOW HITPOINT WARNING * * *
The blink frog blinks!
The blink frog hits you!
You die...

.#...#..#......
.
...............§
#
...............P
.####
..............PP
.....
.......F........
.....
................
.....
.........†.†..!.
.....
.......§F.......
.....
.......@........
!....
...........8....
.(...
....8...........
..H..
.........8......
.....
##....8.........
.....
###......8.....
###......###.
......##


You could see 2 blink frogs.

Vanquished Creatures
  3 hydras
  3 two-headed ogres
  4 death yaks
  2 unseen horrors (D:10)
  3 ugly things
  2 cyclopes (D:12)
  6 elephants (Lair:5)
  A black mamba (Lair:4)
  A torpor snail (Lair:2)
  A guardian serpent (Lair:2)
  An ice statue (IceCv)
  A gargoyle (D:11)
  4 spiny frogs
  7 rime drakes (Lair:5)
  6 komodo dragons
  A troll (D:9)
  A polar bear (Lair:4)
  5 blink frogs
  8 dream sheep
  10 hippogriffs
  Sigmund (D:6)
  25 yaks
  A spriggan (D:7)
  A wraith (D:10)
  A shadow (D:11)
  11 wyverns
  Eustachio (D:6)
  2 hungry ghosts
  3 vampire mosquitoes
  4 basilisks (Lair:5)
  An acid dragon (D:11)
  A hell hound (Lair:5)
  3 porcupines
  Duvessa (D:5)
  2 water moccasins
  4 ice beasts
  3 orc warriors
  5 sky beasts
  2 black bears
  6 ogres
  3 necrophages
  12 wolves
  4 phantoms
  6 centaurs
  4 crocodiles
  5 big kobolds
  9 bullfrogs
  6 scorpions
  A water moccasin skeleton (D:8)
  5 wights (D:6)
  14 killer bees
  A howler monkey (D:5)
  9 crimson imps
  2 bullfrog zombies
  A jelly (D:8)
  2 quasits
  4 bullfrog skeletons
  A gnoll shaman (D:7)
  9 orc priests
  5 hounds
  A hell rat (D:11)
  9 worker ants
  5 iguanas
  8 orc wizards
  A big kobold zombie (Ossuary)
  3 hound zombies
  2 hound skeletons
  8 mummies (Ossuary)
  15 gnolls
  A river rat (D:11)
  10 adders
  4 shadow imps
  5 white imps (IceCv)
  2 ufetubi (IceCv)
  An adder skeleton (D:4)
  An adder zombie (D:9)
  A worm (D:2)
  A dart slug (D:3)
  3 leopard geckos
  33 orcs
  3 giant cockroaches
  2 gnoll zombies (Ossuary)
  7 goblins
  3 hobgoblins
  18 jackals
  34 kobolds
  7 quokkas
  2 ball pythons
  15 bats
  5 frilled lizards
  2 hobgoblin zombies (Ossuary)
  2 jackal skeletons
  A kobold zombie (Ossuary)
  A leopard gecko skeleton (D:4)
  2 orc zombies (Ossuary)
  7 rats
  A bush (Lair:4)
  A plant (Lair:4)
478 creatures vanquished.

Vanquished Creatures (others)
  3 ufetubi (IceCv)
  11 fungi
  8 plants
22 creatures vanquished.

Grand Total: 500 creatures vanquished

Notes
Turn   | Place    | Note
-------+----------+-------------------------------------------
     0 | D:1      | iamserjio the Tengu Fire Elementalist began the quest for the Orb.
     0 | D:1      | Reached XP level 1. HP: 10/10 MP: 4/4
    44 | D:1      | Reached skill level 2 in Conjurations
    49 | D:1      | Reached XP level 2. HP: 8/15 MP: 3/6
   134 | D:2      | Reached skill level 3 in Conjurations
   168 | D:2      | Reached XP level 3. HP: 12/19 MP: 4/7
   411 | D:2      | Reached XP level 4. HP: 10/24 MP: 1/9
   424 | D:2      | Learned a level 3 spell: Conjure Flame
   429 | D:2      | Learned a level 4 spell: Sticky Flame
   563 | D:3      | Found a faded altar of an unknown god.
   642 | D:3      | Reached skill level 4 in Conjurations
   981 | D:4      | Gained mutation: You can fly. [Tengu growth]
   981 | D:4      | Reached XP level 5. HP: 25/28 MP: 0/10
  1115 | D:5      | Entered Level 5 of the Dungeon
  1133 | D:5      | Found a staircase to the Ecumenical Temple.
  1178 | Temple   | Entered the Ecumenical Temple
  1191 | Temple   | Became a worshipper of Vehumet
  1214 | Temple   | Reached skill level 5 in Conjurations
  1214 | Temple   | Reached XP level 6. HP: 32/32 MP: 11/11
  1223 | D:5      | Noticed a sky beast
  1237 | D:5      | Killed a sky beast
  1237 | D:5      | Reached skill level 5 in Fire Magic
  1321 | D:5      | Found a sand-covered staircase.
  1325 | Ossuary  | Entered an ossuary
  1386 | Ossuary  | Reached skill level 6 in Conjurations
  1386 | Ossuary  | Reached XP level 7. HP: 11/36 MP: 2/13
  1584 | Ossuary  | Reached * piety under Vehumet
  1584 | Ossuary  | Offered knowledge of Freeze by Vehumet.
  1722 | D:4      | Reached skill level 7 in Conjurations
  1782 | D:4      | Noticed Natasha
  1893 | D:4      | Reached XP level 8. HP: 28/41 MP: 8/15
  1969 | D:5      | Reached skill level 8 in Conjurations
  2165 | D:6      | Noticed Duvessa
  2166 | D:6      | Noticed Dowan
  2197 | D:5      | Killed Duvessa
  2197 | D:5      | Reached skill level 1 in Fighting
  2197 | D:5      | Reached skill level 1 in Shields
  2273 | D:6      | Noticed Sigmund
  2281 | D:6      | Learned a level 5 spell: Fireball
  2289 | D:6      | Noticed Eustachio
  2313 | D:6      | Killed Eustachio
  2353 | D:6      | Killed Sigmund
  2462 | D:6      | Reached XP level 9. HP: 18/49 MP: 3/17
  2565 | D:5      | Reached skill level 5 in Spellcasting
  2811 | D:6      | Noticed a two-headed ogre
  2822 | D:6      | HP: 1/50 [two-headed ogre/giant club (17)]
  2833 | D:6      | Killed a two-headed ogre
  2833 | D:6      | Reached skill level 9 in Conjurations
  3273 | D:7      | Reached ** piety under Vehumet
  3287 | D:7      | Reached XP level 10. HP: 48/56 MP: 17/21
  3298 | D:7      | Offered knowledge of Magic Dart by Vehumet.
  3300 | D:7      | Reached skill level 10 in Conjurations
  3467 | D:7      | Found a shimmering altar of Xom.
  3766 | D:8      | Offered knowledge of Ignite Poison by Vehumet.
  3940 | D:7      | Found a runed gate.
  3941 | D:7      | Found a runed gate.
  3942 | D:7      | Found a runed gate.
  3943 | D:7      | Noticed lurker's ghost (novice GnSk)
  3953 | D:8      | Noticed a two-headed ogre
  3969 | D:7      | Reached *** piety under Vehumet
  4028 | D:7      | Learned a level 3 spell: Inner Flame
  4131 | D:8      | Killed a two-headed ogre
  4158 | D:8      | Reached skill level 10 in Fire Magic
  4251 | D:8      | Offered knowledge of Throw Icicle by Vehumet.
  4532 | D:9      | Found a flagged portal.
  4579 | D:9      | Reached XP level 11. HP: 18/60 MP: 21/24
  4581 | D:9      | Reached **** piety under Vehumet
  4582 | D:9      | Reached skill level 11 in Conjurations
  4643 | Bailey   | Entered a bailey
  4794 | D:9      | Offered knowledge of Venom Bolt by Vehumet.
  5171 | D:9      | Reached skill level 5 in Dodging
  5242 | D:9      | Reached ***** piety under Vehumet
  5244 | D:9      | Offered knowledge of Bolt of Magma by Vehumet.
  5261 | D:9      | Learned a level 5 spell: Bolt of Magma
  5382 | D:10     | Entered Level 10 of the Dungeon
  5665 | D:10     | Noticed an unseen horror
  5668 | D:10     | Killed an unseen horror
  5864 | D:10     | Noticed an unseen horror
  5873 | D:10     | Killed an unseen horror
  5899 | D:11     | Noticed a purple ugly thing
  5918 | D:11     | Killed a purple ugly thing
  6033 | D:11     | Noticed a death yak
  6059 | D:11     | Killed a death yak
  6120 | D:11     | Reached skill level 12 in Conjurations
  6232 | D:11     | Found a staircase to the Orcish Mines.
  6247 | D:11     | Reached XP level 12. HP: 63/66 MP: 19/26
  6359 | D:11     | Offered knowledge of Spellforged Servitor by Vehumet.
  6373 | D:11     | Learned a level 7 spell: Spellforged Servitor
  6392 | D:11     | Found a staircase to the Lair.
  6444 | D:11     | Noticed a death yak
  6445 | D:11     | Noticed a death yak
  6454 | D:11     | Killed a death yak
  6454 | D:11     | Reached skill level 1 in Summonings
  6460 | D:11     | Killed a death yak
  6818 | D:12     | Noticed Rupert
  6830 | D:12     | Noticed a two-headed ogre
  6847 | D:12     | Killed a two-headed ogre
  7177 | Lair:1   | Entered Level 1 of the Lair of Beasts
  7322 | Lair:2   | Noticed a seven-headed hydra
  7329 | Lair:2   | Killed a seven-headed hydra
  7329 | Lair:2   | Reached skill level 5 in Summonings
  7336 | Lair:2   | Found a runed gate.
  7336 | Lair:2   | Found a runed gate.
  7340 | Lair:2   | Found a runed gate.
  7342 | Lair:2   | Noticed Foefao Rulua's ghost (journeyman DEAE)
  7344 | Lair:2   | Found a viscous altar of Jiyva.
  7346 | Lair:2   | Noticed a death ooze
  7386 | Lair:2   | Reached skill level 10 in Spellcasting
  7514 | Lair:1   | Identified Sif Muna's Tome of Destructive Cold
  7542 | Lair:2   | Found a staircase to the Snake Pit.
  7594 | Lair:2   | Got a bone hunting sling
  7666 | Lair:2   | Reached skill level 13 in Conjurations
  7798 | Lair:3   | Reached XP level 13. HP: 63/70 MP: 14/28
  7859 | Lair:3   | Identified the +2 hunting sling of the Gloaming {flame, -Tele rC+ Int+2} (You found it on level 2 of the Lair of Beasts)
  7899 | Lair:4   | Found a frozen archway.
  7957 | IceCv    | Entered an ice cave
  8538 | Lair:5   | Offered knowledge of Bolt of Fire by Vehumet.
  8546 | Lair:5   | HP: 1/70 [hippogriff (10)]
  8953 | Lair:6   | Entered Level 6 of the Lair of Beasts
  8979 | Lair:5   | Reached skill level 5 in Fighting
  9246 | Lair:6   | Gained mutation: You can fly continuously. [Tengu growth]
  9246 | Lair:6   | Reached XP level 14. HP: 43/78 MP: 15/30
  9255 | Lair:6   | Slain by a blink frog

Vault maps used:
D:1:      dpeg_arrival_round_b, minmay_vboxes
D:2:      hangedman_decor_clover_reticule, uniq_crazy_yiuf_cottage
D:3:      chequers_ecumenical_altar_simple
D:4:      demons_altar, first_ration, uniq_natasha, uniq_edmund
D:5:      temple_pool_b, nicolae_ossuary_entry_plus, tgw_fedhas
D:6:      uniq_sigmund, uniq_eustachio, uniq_duvessa
D:7:      gammafunk_ghost_necromancy, roderic_batcave, the_bakery,
          xom_teletrap_fun
D:9:      enter_bailey_2
D:11:     dpeg_lair_monsters, orc_0_dummy
D:12:     nemelex_diamond_rough_becter, uniq_rupert
Temple:   grunt_wide_crystal_templ
Lair:1:   special_room, grunt_megastairs_2
Lair:2:   minmay_snake_entry_spellcaster, gammafunk_ghost_ooze
Lair:3:   minmay_swamp_entry_swarm, grunt_megastairs_1
Lair:4:   portal_ice_cave_entry_pillars_2
Lair:6:   evilmike_catoblepas_cave, nicolae_slime_entry_slimehenge
Ossuary:  ossuary_tomb_3
Bailey:   bailey_polearm_2, bailey
IceCv:    ice_cave_small_demon

Skill      XL: |  1  2  3  4  5  6  7  8  9 10 11 12 13 14 |
---------------+-------------------------------------------+-----
Conjurations   | 2 3 4 5 6 7 8 9 10 12 13 | 13.9
Fire Magic     | 4 5 6 7 8 10 11 12 | 12.7
Spellcasting   | 3 4 6 8 9 10 11 12 | 12.0
Fighting       | 2 3 4 5 |  5.4
Shields        | 2 4 |  4.5
Dodging        | 4 6 8 9 |  9.4
Summonings     | 5 6 |  6.0
Stealth        | |  2.0

Action                   |  1- 3 |  4- 6 |  7- 9 | 10-12 | 13-15 || total
-------------------------+-------+-------+-------+-------+-------++-------
Melee: Club              |     7 |       |       |       |       ||     7
       Kick              |    11 |    10 |    16 |    90 |    35 ||   162
       Unarmed           |     1 |       |       |       |       ||     1
       Dagger            |    26 |    48 |       |       |       ||    74
       Peck              |     1 |     8 |    17 |    45 |    31 ||   102
       Rapier            |       |       |    88 |   178 |       ||   266
       Trident           |       |       |       |    51 |       ||    51
       Short sword       |       |       |       |   195 |   160 ||   355
Throw: Stone             |       |     2 |       |       |       ||     2
       Tomahawk          |       |       |     5 |     2 |       ||     7
 Cast: Flame Tongue      |    34 |    66 |   121 |   244 |    42 ||   507
       Conjure Flame     |       |     3 |     9 |    22 |     7 ||    41
       Sticky Flame      |       |       |    10 |    60 |    71 ||   141
       Fireball          |       |       |     4 |    67 |    13 ||    84
 Abil: Fly               |       |       |     1 |       |     1 ||     2
Evoke: Wand              |       |       |       |    10 |    32 ||    42
  Use: Scroll            |       |    10 |     6 |    11 |     7 ||    34
       Potion            |       |     1 |     6 |     2 |     3 ||    12
 Stab: Sleeping          |     3 |     2 |     4 |     8 |       ||    17
       Invisible         |       |       |     2 |       |       ||     2
       Distracted        |       |       |       |     1 |       ||     1
       Paralysed         |       |       |       |       |    16 ||    16
  Eat: Chunk             |       |     1 |     4 |    26 |     8 ||    39
       Ration            |       |       |     2 |     4 |       ||     6
Armor: Robe              |     5 |    11 |    17 |       |       ||    33
       Skin              |       |     1 |     4 |       |       ||     5
       Leather armour    |       |       |       |   122 |       ||   122
       Troll leather arm |       |       |       |    27 |    44 ||    71
Dodge: Dodged            |    21 |    53 |    92 |   320 |   212 ||   698
Block: Buckler           |       |       |    11 |   144 |    58 ||   213

Table legend:
 A = Spawn XP
 B = Non-spawn XP
 C = Spawn XP percentage of total XP
 D = Spawn monster count
 E = Non-spawn monster count
 F = Spawn count percentage of total count
 G = Total turns spent on level
                    A         B        C        D         E        F      G
               +---------+---------+-------+---------+---------+-------+---------
         Total |       0 |   54664 |   0.0 |       0 |     476 |   0.0 |  9255
               +---------+---------+-------+---------+---------+-------+---------
           D:1 |       0 |      31 |   0.0 |       0 |      18 |   0.0 |   186
           D:2 |       0 |      56 |   0.0 |       0 |      17 |   0.0 |   345
           D:3 |       0 |      64 |   0.0 |       0 |      15 |   0.0 |   339
           D:4 |       0 |     580 |   0.0 |       0 |      21 |   0.0 |   505
           D:5 |       0 |     805 |   0.0 |       0 |      14 |   0.0 |   596
           D:6 |       0 |    2710 |   0.0 |       0 |      28 |   0.0 |   864
           D:7 |       0 |    1757 |   0.0 |       0 |      31 |   0.0 |   712
           D:8 |       0 |    2898 |   0.0 |       0 |      42 |   0.0 |   673
           D:9 |       0 |    3131 |   0.0 |       0 |      53 |   0.0 |   860
          D:10 |       0 |    2854 |   0.0 |       0 |      23 |   0.0 |   395
          D:11 |       0 |    5665 |   0.0 |       0 |      52 |   0.0 |   612
          D:12 |       0 |    3871 |   0.0 |       0 |      17 |   0.0 |   618
        Temple |       0 |      46 |   0.0 |       0 |       1 |   0.0 |    35
        Lair:1 |       0 |    2916 |   0.0 |       0 |      17 |   0.0 |   273
        Lair:2 |       0 |    4098 |   0.0 |       0 |      13 |   0.0 |   322
        Lair:3 |       0 |    2030 |   0.0 |       0 |       9 |   0.0 |   153
        Lair:4 |       0 |    4803 |   0.0 |       0 |      22 |   0.0 |   529
        Lair:5 |       0 |   14645 |   0.0 |       0 |      46 |   0.0 |   666
        Lair:6 |       0 |     877 |   0.0 |       0 |       3 |   0.0 |    33
       Ossuary |       0 |     179 |   0.0 |       0 |      16 |   0.0 |   302
        Bailey |       0 |     156 |   0.0 |       0 |      10 |   0.0 |   135
         IceCv |       0 |     492 |   0.0 |       0 |       8 |   0.0 |   102
               +---------+---------+-------+---------+---------+-------+---------
